 Dungeon Crawl Stone Soup version 0.25-a0-578-gc91f01c39c (webtiles) character file.

Game seed: 16198647285503031431, levelgen mode: deterministic

273 inmateoo the Grave Robber (level 6, -1/35 HPs)
             Began as a Deep Elf Necromancer on Mar 7, 2020.
             Slain by a bullfrog (5 damage)
             ... in a sewer.
             The game lasted 00:05:28 (3427 turns).

inmateoo the Grave Robber (Deep Elf Necromancer)    Turns: 3427, Time: 00:05:28

Health: -1/35      AC:  3    Str:  5    XL:     6   Next: 2%
Magic:  5/14       EV: 14    Int: 22    God:
Gold:   103        SH:  0    Dex: 15    Spells: 5/14 levels left

rFire    . . .     SeeInvis .   j - +0 dagger
rCold    . . .     Gourm    .   (no shield)
rNeg     . . .     Faith    .   a - +1 robe
rPois    +         Spirit   .   (no helmet)
rElec    .         Reflect  .   (no cloak)
rCorr    .         Harm     .   (no gloves)
MR       .....                  (no boots)
Stlth    +++.......             (no amulet)
HPRegen  0.11/turn              g - ring of flight
MPRegen  0.14/turn              m - ring of poison resistance

@: no status effects
A: no striking features
a: Evoke Flight


You were in a sewer.
You were not hungry.

You visited 1 branch of the dungeon, and saw 3 of its levels.
You also visited: Sewer.

You collected 103 gold pieces.

Inventory:

Hand Weapons
 j - a +0 dagger (weapon)
Missiles
 o - 14 poisoned darts (quivered)
Armour
 a - a +1 robe (worn)
Jewellery
 g - a ring of flight (left hand)
 m - a ring of poison resistance (right hand)
Wands
 p - a wand of random effects (28)
Scrolls
 e - a scroll of remove curse
 i - 5 scrolls of identify
 l - 3 scrolls of blinking {unknown}
Potions
 b - a potion of stabbing
 d - a potion of might {unknown}
 f - a potion of curing {unknown}
 h - 3 potions of lignification {unknown}
 n - a potion of heal wounds {unknown}
 q - 2 potions of ambrosia {unknown}
 s - a potion of mutation {unknown}
Comestibles
 c - 2 rations
 k - 5 chunks of flesh


   Skills:
 + Level 2.0 Fighting
 + Level 3.9 Dodging
 + Level 4.1 Stealth
 + Level 4.6 Spellcasting
 + Level 5.8 Necromancy


You had 5 spell levels left.
You knew the following spells:

 Your Spells              Type           Power        Failure   Level  Hunger
a - Pain                  Necr           ####         1%          1    None
b - Animate Skeleton      Necr           N/A          1%          1    None
c - Vampiric Draining     Necr           ####......   3%          3    ##.....
d - Animate Dead          Necr           N/A          10%         4    ####...

Your spell library contained the following spells:

 Spells                   Type           Power        Failure   Level  Hunger
 Agony                    Necr           ####....     26%         5    #####..


Dungeon Overview and Level Annotations

Branches:
Dungeon (3/15)              Sewer (1/1)

Altars:
Okawaru
Yredelemnul
The Shining One

Annotations:
D:3 Jessica


Message History

Aim: a bullfrog (chance to defeat MR: 84%)
The bullfrog barely resists.
The bullfrog hits you! The bullfrog misses you.
Casting: Pain (safe; 1% risk of failure)
Confirm with . or Enter, or press ? or * to list all spells.
Aiming: Pain (safe; 1% risk of failure)
Press: ? - help, Shift-Dir - straight line, f/p - bullfrog
Aim: a bullfrog (chance to defeat MR: 84%)
The bullfrog writhes in agony!
Your leopard gecko skeleton bites the bullfrog.
Your ball python skeleton bites the bullfrog.
Your ball python skeleton closely misses the bullfrog.
The bullfrog hits you!
* * * LOW HITPOINT WARNING * * *
Casting: Pain (safe; 1% risk of failure)
Confirm with . or Enter, or press ? or * to list all spells.
Aiming: Pain (safe; 1% risk of failure)
Press: ? - help, Shift-Dir - straight line, f/p - bullfrog
Aim: a bullfrog (heavily wounded, chance to defeat MR: 84%)
The bullfrog writhes in agony.
The bullfrog hits you.
You die...

#∩.#..≈#≈≈≈≈≈.≈≈≈.≈#..≈#
#..#≈≈##≈≈.#####..≈##.≈#
##†##≈≈#≈≈≈##≈≈≈##≈≈≈#.≈##
#†≈#≈≈.#≈≈##≈≈≈≈≈##≈.#†.≈#
#.≈#≈###.≈#≈≈.≈.≈≈#≈.##≈≈#
#≈≈#≈#≈≈≈##≈≈≈≈.≈≈##≈≈#≈.#
#≈.#.#∩≈≈#≈≈≈≈≈≈≈≈≈#≈≈#≈≈#
#≈≈#.#≈≈≈#≈≈≈≈≈F.≈≈#≈≈#≈≈#
#≈≈#≈##≈≈#≈≈≈≈Z@Z≈≈#≈≈#≈.#
#≈.#≈≈#≈.#≈.≈≈.$.≈≈#≈≈#≈≈#
#≈≈#.≈#≈.#≈≈≈....≈≈#≈≈#≈≈#
#≈≈≈≈≈#..##†.≈(..≈##≈.#≈≈#
#≈≈≈≈.#.†≈..≈≈†≈≈≈#≈≈##.≈#
#..≈≈≈###≈≈≈.≈≈.≈##..#≈≈≈#
#######≈###≈≈≈≈≈##≈≈≈#≈≈##
#≈≈.≈≈#######≈≈.##≈≈#
#≈≈≈.≈≈≈.≈≈≈≈≈≈≈#.≈.#


You could see a bullfrog, a friendly leopard gecko skeleton and a friendly ball
python skeleton.

Vanquished Creatures
  Ijyb (D:3)
  A worker ant (D:3)
  6 adders
  10 oozes
  3 worms
  A dart slug (D:1)
  14 leopard geckos
  An orc (D:3)
  13 giant cockroaches
  4 goblins
  4 hobgoblins
  12 ball pythons
  5 bats
  9 frilled lizards
  6 kobolds
  6 rats
96 creatures vanquished.

Vanquished Creatures (collateral kills)
  An adder (Sewer)
  An ooze (Sewer)
  2 ball pythons (Sewer)
4 creatures vanquished.

Grand Total: 100 creatures vanquished

Notes
Turn   | Place    | Note
-------+----------+-------------------------------------------
     0 | D:1      | inmateoo the Deep Elf Necromancer began the quest for the
                  | Orb.
     0 | D:1      | Reached XP level 1. HP: 10/10 MP: 6/6
   286 | D:1      | Learned a level 1 spell: Animate Skeleton
   356 | D:1      | Reached XP level 2. HP: 13/16 MP: 6/8
   366 | D:1      | Reached skill level 5 in Necromancy
  1138 | D:2      | Reached XP level 3. HP: 17/20 MP: 6/10
  1173 | D:2      | Found an iron altar of Okawaru.
  1476 | D:2      | Reached skill level 1 in Fighting
  1544 | D:2      | Found a basalt altar of Yredelemnul.
  1554 | D:2      | Found a glowing golden altar of the Shining One.
  1659 | D:2      | Noticed an angel
  1732 | D:3      | Learned a level 3 spell: Vampiric Draining
  1751 | D:3      | Reached XP level 4. HP: 25/25 MP: 8/11
  1782 | D:3      | Found a faded altar of an unknown god.
  1784 | D:3      | Noticed Jessica
  1835 | D:3      | Noticed Ijyb
  1844 | D:3      | Killed Ijyb
  1906 | D:3      | Found a glowing drain.
  2051 | Sewer    | Entered a sewer
  2229 | Sewer    | Learned a level 4 spell: Animate Dead
  2252 | Sewer    | Reached XP level 5. HP: 23/29 MP: 5/13
  3410 | Sewer    | Reached XP level 6. HP: 23/35 MP: 8/14
  3427 | Sewer    | Slain by a bullfrog

Levels and vault maps discovered:
D:1:      shiori_arrival_maze, layout_rooms, st_stairs_10, minmay_tripent
D:2:      layout_rooms, grunt_temple_overflow_holy_war,
          okawaru_metal_pillars_1_2
D:3:      minmay_chambers_of_threes, layout_loops_ring,
          chequers_ecumenical_altar_simple_redux, cheibrodos_sewer_entry_sluice,
          chequers_hall_statues_wall_a, uniq_jessica, uniq_ijyb
Sewer:    sewer_frog_island_02

Skill      XL: |  1  2  3  4  5 |
---------------+----------------+-----
Necromancy     | 5 |  5.8
Dodging        | 3 |  3.9
Stealth        | 3 4 |  4.1
Fighting       | 1 2 |  2.0
Spellcasting   | 4 |  4.6

Action                   |  1- 3 |  4- 6 || total
-------------------------+-------+-------++-------
Melee: Dagger            |     1 |    32 ||    33
Throw: Dart              |     3 |    14 ||    17
 Cast: Pain              |    60 |   114 ||   174
       Animate Skeleton  |     1 |     8 ||     9
       Animate Dead      |       |     4 ||     4
       Vampiric Draining |       |     3 ||     3
  Use: Scroll            |       |     6 ||     6
 Stab: Sleeping          |       |     1 ||     1
       Distracted        |       |     1 ||     1
  Eat: Chunk             |     2 |     6 ||     8
Armor: Robe              |       |     9 ||     9
Dodge: Dodged            |     7 |    56 ||    63

Table legend:
 A = Non-vault XP
 B = Vault XP
 C = Vault XP percentage of total XP
 D = Non-vault monster count
 E = Vault monster count
 F = Vault count percentage of total count
                 A         B        C        D         E       F
            +---------+---------+-------+---------+---------+-------
      Total |     108 |     282 |  72.3 |      32 |      68 |  68.0
            +---------+---------+-------+---------+---------+-------
        D:1 |      22 |      11 |  33.3 |      13 |       7 |  35.0
        D:2 |      42 |       0 |   0.0 |      14 |       0 |   0.0
        D:3 |      44 |      54 |  55.1 |       5 |       5 |  50.0
      Sewer |       0 |     217 | 100.0 |       0 |      56 | 100.0
            +---------+---------+-------+---------+---------+-------
